 Dungeon Crawl Stone Soup version 0.22-a0-445-g8c8ef71 (webtiles) character file.

289 tilp the Chiller (level 6, -1/46 HPs)
             Began as a Merfolk Ice Elementalist on June 2, 2018.
             Slain by a two-headed ogre
             ... wielding a +0 giant club
              (13 damage)
             ... on level 4 of the Dungeon.
             The game lasted 00:12:16 (5231 turns).

tilp the Chiller (Merfolk Ice Elementalist)         Turns: 5231, Time: 00:12:17

Health: -1/46      AC:  2    Str:  9    XL:     6   Next: 31%
Magic:  7/9        EV: 13    Int: 22    God:
Gold:   210        SH:  0    Dex: 14    Spells: 3/9 levels left

rFire    . . .     SeeInvis .   t - +0 dagger (elec)
rCold    . . .     Gourm    .   (no shield)
rNeg     . . .     Faith    .   a - +0 robe
rPois    .         Spirit   .   (no helmet)
rElec    .         Reflect  .   (no cloak)
rCorr    .         Harm     .   (no gloves)
MR       .....                  (no boots)
Stlth    ++........             (no amulet)
HPRegen  0.15/turn              u - +2 ring of intelligence
MPRegen  0.11/turn              m - +4 ring of intelligence

@: lethally poisoned (-1 -> -4), very slightly contaminated
A: change form in water, swift swim, stealthy swim
a: no special abilities


You were on level 4 of the Dungeon.
You were hungry.

You visited 1 branch of the dungeon, and saw 4 of its levels.

You collected 210 gold pieces.

Inventory:

Hand Weapons
 j - a +1 dagger of freezing
 t - a +0 dagger of electrocution (weapon)
 w - a +0 trident
Missiles
 i - 131 stones (quivered)
Armour
 a - a +0 robe (worn)
Jewellery
 m - a +4 ring of intelligence (right hand)
 n - an uncursed ring of ice {unknown}
 u - a +2 ring of intelligence (left hand)
Wands
 r - a wand of disintegration (13)
Scrolls
 b - a scroll of enchant weapon {unknown}
 e - 2 scrolls of immolation
 f - a scroll of fog
 g - a scroll of magic mapping {unknown}
 k - 2 scrolls of remove curse
 l - a scroll of random uselessness {unknown}
 o - a scroll of fear {unknown}
Potions
 d - a potion of heal wounds
 h - a potion of might {unknown}
 p - 2 potions of flight
 q - 3 potions of curing
 v - a potion of resistance {unknown}
Comestibles
 c - 4 rations


   Skills:
 + Level 2.4 Fighting
 - Level 2.6 Dodging
 - Level 2.1 Stealth
 - Level 2.0 Spellcasting
 - Level 0.7 Conjurations
 - Level 7.0 Ice Magic


You had 3 spell levels left.
You knew the following spells:

 Your Spells              Type           Power        Failure   Level  Hunger
a - Freeze                Ice            ####         1%          1    #......
b - Throw Frost           Conj/Ice       ###...       4%          2    ##.....
c - Ozocubu's Armour      Chrm/Ice       ###.....     10%         3    ###....

Your spell library contained the following spells:

 Spells                   Type           Power        Failure   Level  Hunger
 Summon Ice Beast         Ice/Summ       ###.....     32%         4    #####..
 Throw Icicle             Conj/Ice       ###.....     28%         4    #####..


Dungeon Overview and Level Annotations

Branches:
Dungeon (4/15)
 Temple: D:4-7

Altars:
Nemelex Xobeh
Ru
Uskayaw

Annotations:
D:4 tilp's ghost, amateur MfIE


Message History

You feel sick. Tilp's ghost casts a spell at you. The puff of frost misses you.
You feel sick.
You feel sick.
You feel sick.
Tilp's ghost whispers, "Soon you will have time, lots of time..."
You feel sick. Tilp's ghost casts a spell at you. The puff of frost hits you!
The two-headed ogre hits you with a giant club.
The two-headed ogre barely misses you.
You feel sick.
You feel sick.
You feel sick.
You feel sick.
Found a metallic golden potion.
You feel sick.
The two-headed ogre hits you with a giant club!
You die...

............# #..
##.........<# #.. ##
#..........####.#..
#...............#.#
##..........###.#.#
#................##..!
#.........#..#........
#.........##.OW##.....
#.........####@# .###
########### #...#
#.....# h#.......# ..
....._.....#.#
###.......#...#
##....(##....
##...##.... ##.##..#


You could see a two-headed ogre and tilp's ghost.

Vanquished Creatures
  A howler monkey (D:4)
  2 orc wizards
  An orc priest (D:3)
  A hound skeleton (D:3)
  4 adders
  An ooze (D:1)
  2 worms (D:2)
  7 dart slugs
  2 leopard geckos (D:2)
  8 orcs
  A ball python (D:2)
  A giant cockroach (D:2)
  10 goblins
  9 hobgoblins
  6 jackals
  7 bats
  4 frilled lizards
  9 kobolds
  8 rats
84 creatures vanquished.

Notes
Turn   | Place    | Note
-------+----------+-------------------------------------------
     0 | D:1      | tilp the Merfolk Ice Elementalist began the quest for the Orb.
     0 | D:1      | Reached XP level 1. HP: 13/13 MP: 3/3
   146 | D:1      | Reached XP level 2. HP: 18/19 MP: 0/5
   150 | D:1      | Learned a level 2 spell: Throw Frost
   343 | D:1      | Reached skill level 4 in Ice Magic
   975 | D:1      | Reached XP level 3. HP: 20/24 MP: 4/6
   984 | D:1      | Learned a level 3 spell: Ozocubu's Armour
  1558 | D:2      | Reached skill level 5 in Ice Magic
  1941 | D:2      | Reached XP level 4. HP: 26/30 MP: 4/7
  2861 | D:3      | Found a sparkling altar of Nemelex Xobeh.
  2919 | D:3      | Found a sacrificial altar of Ru.
  3186 | D:3      | Reached skill level 6 in Ice Magic
  3734 | D:3      | Reached XP level 5. HP: 34/35 MP: 5/8
  4383 | D:4      | Found a hide-covered altar of Uskayaw.
  4848 | D:3      | Reached skill level 7 in Ice Magic
  4955 | D:4      | Reached skill level 1 in Fighting
  4955 | D:4      | Reached XP level 6. HP: 43/43 MP: 1/9
  5022 | D:4      | Noticed a two-headed ogre
  5203 | D:4      | Noticed tilp's ghost (amateur MfIE)
  5231 | D:4      | Slain by a two-headed ogre

Vault maps used:
D:1:      sevenhm_arrival_forest_fort_small_3
D:3:      lemuel_doored_altar, hangedman_ru_absence, minmay_vboxes
D:4:      lemuel_round_altar, serial_shops, nicolae_shop_waterfront,
          first_ration

Skill      XL: |  1  2  3  4  5  6 |
---------------+-------------------+-----
Ice Magic      | 4 5 6 7 |  7.0
Fighting       | 1 2 |  2.4
Dodging        | |  2.6
Stealth        | |  2.1
Spellcasting   | |  2.0
Conjurations   | |  0.7

Action                   |  1- 3 |  4- 6 || total
-------------------------+-------+-------++-------
Melee: Dagger            |    60 |   114 ||   174
Throw: Stone             |       |     1 ||     1
 Cast: Freeze            |    44 |    42 ||    86
       Throw Frost       |     5 |     6 ||    11
       Ozocubu's Armour  |     2 |    13 ||    15
  Use: Potion            |     1 |       ||     1
       Scroll            |       |     9 ||     9
 Stab: Sleeping          |     5 |     3 ||     8
       Distracted        |     1 |     1 ||     2
  Eat: Chunk             |     5 |    12 ||    17
Armor: Robe              |    17 |    32 ||    49
Dodge: Dodged            |    66 |   118 ||   184

Table legend:
 A = Spawn XP
 B = Non-spawn XP
 C = Spawn XP percentage of total XP
 D = Spawn monster count
 E = Non-spawn monster count
 F = Spawn count percentage of total count
 G = Total turns spent on level
                    A         B        C        D         E        F      G
               +---------+---------+-------+---------+---------+-------+---------
         Total |       0 |     413 |   0.0 |       0 |      84 |   0.0 |  5231
               +---------+---------+-------+---------+---------+-------+---------
           D:1 |       0 |      55 |   0.0 |       0 |      29 |   0.0 |  1485
           D:2 |       0 |      63 |   0.0 |       0 |      21 |   0.0 |  1410
           D:3 |       0 |     177 |   0.0 |       0 |      28 |   0.0 |  2032
           D:4 |       0 |     118 |   0.0 |       0 |       6 |   0.0 |   304
               +---------+---------+-------+---------+---------+-------+---------
